 Dungeon Crawl Stone Soup version 0.16.2-12-gd0ad4c3 (webtiles) character file.

64 faibistes the Magician (level 3, -2/19 HPs)
             Began as a Deep Elf Wizard on July 4, 2018.
             Slain by a worker ant (5 damage)
             ... on level 2 of the Dungeon.
             The game lasted 00:06:00 (2256 turns).

faibistes the Magician (Deep Elf Wizard)            Turns: 2256, Time: 00:06:01

Health: -2/19      AC:  2    Str:  4    XL:     3   Next: 91%
Magic:  8/14       EV: 13    Int: 23    God:
Gold:   107        SH:  0    Dex: 13    Spells: 6 memorised, 0 levels left

rFire  . . .     SeeInvis .     l - +0 dagger
rCold  . . .     Clarity  .     a - +0 robe
rNeg   . . .     SustAb   .     (no shield)
rPois  .         Gourm    .     b - +0 hat
rElec  .         Spirit   .     (no cloak)
rCorr  .         Warding  .     (no gloves)
rMut   .         Stasis   .     (no boots)
MR     .....                    (no amulet)
Stlth  ++........               (no ring)
                                (no ring)

@: lethally poisoned (-2 -> -14), very slightly contaminated, repel missiles,
not resistant to hostile enchantments, unstealthy
A: no striking features
a: no special abilities


You were on level 2 of the Dungeon.
You were very hungry.

You visited 1 branch of the dungeon, and saw 4 of its levels.

You collected 107 gold pieces.

Inventory:

Hand weapons
 l - a +0 dagger (weapon)
Armour
 a - a +0 robe (worn)
 b - a +0 hat (worn)
Scrolls
 e - a scroll of enchant armour {unknown}
 f - a scroll of fear {unknown}
 i - 2 scrolls of teleportation
 k - a scroll of immolation {unknown}
 q - a scroll of random uselessness {unknown}
 t - a scroll of amnesia {unknown}
 u - a scroll of recharging {unknown}
Potions
 h - a potion of haste
 j - a potion of heal wounds
 m - a potion of curing {unknown}
 p - 2 potions of invisibility {unknown}
 r - a potion of might {unknown}
 s - a potion of restore abilities {unknown}
 v - a potion of magic {unknown}
Books
 c - a book of Minor Magic

   Spells                             Type                      Level
   a - Magic Dart                     Conjuration                  1
   b - Blink                          Translocation                2
   c - Call Imp                       Summoning                    2
   d - Repel Missiles                 Charms/Air                   2
   e - Slow                           Hexes                        2
   f - Conjure Flame                  Conjuration/Fire             3
   g - Mephitic Cloud                 Conjuration/Poison/Air       3
Comestibles
 d - 4 bread rations
 o - 2 meat rations


   Skills:
 + Level 2.6 Dodging
 - Level 2.4 Stealth
 * Level 5.5 Spellcasting
 * Level 3.0 Conjurations
 - Level 1.1 Summonings
 - Level 1.1 Translocations


You couldn't memorise any spells.
You knew the following spells:

 Your Spells              Type           Power        Failure   Level  Hunger
a - Magic Dart            Conj           ###.         2%          1    None
b - Conjure Flame         Conj/Fire      ##......     17%         3    ##.....
c - Call Imp              Summ           ##......     12%         2    None
d - Blink                 Tloc           N/A          12%         2    None
e - Mephitic Cloud        Conj/Pois/Air  ##......     21%         3    ##.....
f - Repel Missiles        Chrm/Air       #.....       17%         2    None


Dungeon Overview and Level Annotations

Branches:
Dungeon (4/15)
 Temple: D:4-7

Altars:


Message History

The orc hits your shadow imp but does no damage.
The worker ant bites you.
You are lethally poisoned!
The worker ant poisons you!
Casting: Call Imp
Confirm with . or Enter, or press ? or * to list all spells.
You miscast Call Imp.
You are very lightly contaminated with residual magic.
Distant voices call out to you!
You feel sick. The orc misses your shadow imp. The worker ant bites you.
You are more poisoned.
The worker ant poisons you!
Your shadow imp closely misses the worker ant.
You feel sick. The orc closely misses your shadow imp.
* * * LOW HITPOINT WARNING * * *
You feel sick.
Unknown command.
* * * LOW HITPOINT WARNING * * *
You feel sick. The worker ant bites you.
You die...

######### #.......#
#.......########
###..............#
..........######@#
###.......# ##a##
#....>..#####.#.#####
#.......##...###5.>o#
############.##.#.###.#
.........# #.###.## #.#
########.# #.###.# #.#
########.# #.##..# #.#
.......#.# #.##.## #.#


You could see a worker ant and a friendly shadow imp.

Vanquished Creatures
  Ijyb (D:3)
  An adder (D:2)
  An ooze (D:1)
  6 bats
  4 giant cockroaches
  7 goblins
  2 hobgoblins
  3 jackals (D:1)
  5 giant newts
  A kobold (D:1)
  7 rats
38 creatures vanquished.

Notes
Turn   | Place    | Note
--------------------------------------------------------------
     0 | D:1      | faibistes, the Deep Elf Wizard, began the quest for the Orb.
     0 | D:1      | Reached XP level 1. HP: 10/10 MP: 6/6
   292 | D:2      | Reached XP level 2. HP: 13/15 MP: 7/10
   297 | D:2      | Learned a level 2 spell: Blink
   300 | D:2      | Learned a level 2 spell: Call Imp
   658 | D:1      | Reached skill level 5 in Spellcasting
  1047 | D:3      | Reached XP level 3. HP: 19/19 MP: 11/14
  1052 | D:3      | Learned a level 3 spell: Conjure Flame
  1057 | D:3      | Learned a level 3 spell: Mephitic Cloud
  1681 | D:3      | Noticed Ijyb
  1701 | D:3      | Killed Ijyb
  1705 | D:3      | Learned a level 2 spell: Repel Missiles
  2256 | D:2      | Slain by a worker ant

Action                   || total
-------------------------++-------
Melee: Unarmed           ||    13
       Dagger            ||    12
 Cast: Magic Dart        ||    85
       Call Imp          ||     3
       Mephitic Cloud    ||     7
       Blink             ||     6
       Conjure Flame     ||     1
       Repel Missiles    ||     1
  Use: Scroll            ||     4
 Stab: Confused          ||     1
  Eat: Chunk             ||     3
